 Dungeon Crawl Stone Soup version 0.16-a0-3749-g20dbed2 (console) character file.

165 MrRokkomies the Skirmisher (level 5, -3/33 HPs)
             Began as a Gargoyle Abyssal Knight on Jan 23, 2015.
             Was a Priest of Lugonu.
             Killed by divine providence
             ... invoked by an orc priest
              (17 damage)
             ... on level 3 of the Dungeon.
             The game lasted 00:12:57 (2303 turns).

MrRokkomies the Skirmisher (GrAK)                   Turns: 2303, Time: 00:12:57

Health: -3/33      AC: 16    Str: 17    XL:     5   Next: 46%
Magic:  8/8        EV:  5    Int: 12    God:    Lugonu [***...]
Gold:   187        SH:  0    Dex:  9    Spells: 0 memorised, 4 levels left

rFire  . . .     SeeInvis .     a - +1 flail
rCold  . . .     Clarity  .     j - +1 plate armour
rNeg   + . .     SustAb   .     (no shield)
rPois  ∞         Gourm    .     (no helmet)
rElec  +         Spirit   .     (no cloak)
rCorr  .         Warding  .     (no gloves)
rMut   .         Stasis   .     (no boots)
MR     .....                    (no amulet)
Stlth  ..........               (no ring)
                                e - +1 ring of protection

@: not resistant to hostile enchantments, extremely unstealthy
A: negative energy resistance 1, electricity resistance, unbreathing,
petrification resistance, rot immunity, AC +4
a: Depart the Abyss, Bend Space, Banish, Renounce Religion


You were on level 3 of the Dungeon.
You worshipped Lugonu.
Lugonu was most pleased with you.
You were not hungry.

You visited 1 branch of the dungeon, and saw 3 of its levels.
You visited the Abyss 1 time.

You collected 187 gold pieces.

Inventory:

Hand weapons
 a - a +1 flail (weapon)
Missiles
 o - 15 stones (quivered)
Armour
 j - a +1 plate armour (worn)
Jewellery
 e - a +1 ring of protection (left hand)
Scrolls
 m - 2 scrolls of remove curse
 n - a scroll of fear
Potions
 g - a potion of agility
 h - a potion of cure mutation
 i - 3 potions of curing {unknown}
 k - 2 potions of magic {unknown}
 l - a potion of poison {unknown}
 p - a potion of cancellation {unknown}
Comestibles
 b - 2 beef jerkies
 c - 3 bread rations
 d - a royal jelly
 f - 3 meat rations


   Skills:
 + Level 4.1 Fighting
 * Level 4.0 Maces & Flails
 - Level 2.1 Armour
 - Level 0.7 Dodging
 * Level 3.6 Invocations


You had 4 spell levels left.
You didn't know any spells.

Dungeon Overview and Level Annotations

Branches:
Dungeon (3/15)

Altars:
Ashenzari
Trog


Innate Abilities, Weirdness & Mutations

You are resistant to torment.
You are immune to poison.
Your stone body is very resilient (AC +4).
You resist negative energy.
You are resistant to electric shocks.
You can survive without breathing.
You are immune to petrification.
You are immune to rotting.


Message History

You completely miss the orc priest.
The orc priest calls down the wrath of Beogh upon you.
Pain shoots through your body!
The orc priest invokes the aid of Beogh against you.
Something smites you!
You sock the orc priest!
The orc priest is heavily wounded.
The orc priest glows brightly for a moment.
You hit the orc priest.
The orc priest is severely wounded.
The orc priest hits you but does no damage.
You hit the orc priest but do no damage.
The orc priest is severely wounded.
The orc priest hits you but does no damage.
Your plate armour prevents you from hitting the orc priest.
The orc priest is severely wounded.
The orc priest invokes the aid of Beogh against you.
Something smites you!
Ouch! That really hurt!
You die...

#.#....÷.......
#.#.###....##..
#(#. #.##.##..
#.#. ....#.##..
#.# ###..#.##..
#.# ...#.####
#######.#
##.#.#
#.......# .#.#
#.####### ##.#
#.#.)o.# #.#
#...@#.# #.#
###..#o#
####..#.#
#.....#K#
##.##.#.#
#.##.#o#
#.##.#.#
#.##.#.........
#.##.###o#####
#.##.# .#
#(##.# #


You could see an orc priest.

Vanquished Creatures
  A giant mite (D:2)
  7 adders
  4 worms
  2 oozes
  An orc (D:3)
  A giant cockroach (D:1)
  13 goblins
  8 hobgoblins
  15 kobolds
  5 bats
  A giant newt (D:2)
  15 rats
73 creatures vanquished.

Notes
Turn   | Place    | Note
--------------------------------------------------------------
     0 | Abyss:1  | MrRokkomies, the Gargoyle Abyssal Knight, began the quest for the Orb.
     0 | Abyss:1  | Reached XP level 1. HP: 14/14 MP: 1/1
    81 | Abyss:1  | Noticed a quasit
    81 | Abyss:1  | Noticed a large abomination
    81 | D:1      | Escaped the Abyss
   211 | D:1      | Acquired Lugonu's first power
   211 | D:1      | Reached XP level 2. HP: 14/19 MP: 2/2
   623 | D:1      | Reached XP level 3. HP: 21/23 MP: 4/4
   964 | D:2      | Acquired Lugonu's second power
  1050 | D:2      | Noticed a moth of wrath
  1053 | D:2      | Found a bloodstained altar of Trog.
  1101 | D:2      | Reached XP level 4. HP: 21/28 MP: 4/6
  1805 | D:3      | Acquired Lugonu's third power
  1805 | D:3      | Reached skill level 4 in Fighting
  1843 | D:3      | Reached XP level 5. HP: 28/33 MP: 8/8
  2024 | D:3      | Found a shattered altar of Ashenzari.
  2303 | D:3      | Killed from afar by an orc priest

Action                   |  1- 3 |  4- 6 || total
-------------------------+-------+-------++-------
Melee: Mace              |   123 |    34 ||   157
       Flail             |       |   128 ||   128
Invok: Depart the Abyss  |     1 |       ||     1
  Use: Scroll            |     5 |     3 ||     8
  Eat: Chunk             |     1 |     4 ||     5
